 Dungeon Crawl Stone Soup version 0.31-a0-460-g9e667d4245 (webtiles) character file.

Game seed: 5243320602406089809

18922 ytrimaz the Mimic (level 12, -38/89 HPs)
             Began as a Demonspawn Shapeshifter on Aug 4, 2023.
             Was the Champion of Okawaru.
             Killed from afar by Frances (51 damage)
             ... with an entropic shot
             ... on level 12 of the Dungeon.
             The game lasted 00:21:25 (13449 turns).

ytrimaz the Mimic (Demonspawn Shapeshifter)        Turns: 13449, Time: 00:21:26

Health: -38/89     AC: 11    Str: 24    XL:     12   Next: 32%
Magic:  15/15      EV: 11    Int:  9    God:    Okawaru [******]
Gold:   1867       SH:  0    Dex: 13    Spells: 11/11 levels left

rFire   . .          .
                       - Unarmed
rCold   . . .        (no shield)
rNeg    . . .        J - +3 chain mail {rPois}
rPois   +            (helmet currently unavailable)
rElec   .            (cloak currently unavailable)
rCorr   .            u - melded -1 pair of gloves of the Harp {Int+6 Dex+2}
SInv    +            (boots currently unavailable)
Will    .....        (no amulet) Stlth
                     f - ring of see invisible
HPRegen 0.34/turn    l - ring of poison resistance
MPRegen 0.14/turn

%: no passive effects
@: beast-form
A: beast (slay +7), hooves 1, horns 2, foul stench 3, powered by death 1,
weakness stinger 1, low MP 1, strong 1
a: Begin Untransformation, Renounce Religion, Heroism, Finesse, Duel


You were on level 12 of the Dungeon.
You worshipped Okawaru.
Okawaru was exalted by your worship.
You were a hulking beast.
You visited 2 branches of the dungeon, and saw 13 of its levels.
You also visited: Sewer and Bailey.

You collected 2076 gold pieces.
You spent 209 gold pieces at shops.


Innate Abilities, Weirdness & Mutations

You are a hulking beast.
Your limbs bulge with bestial killing power. (Slay +7)
You have large cloven feet.
You have a pair of horns on your head.
You frequently emit foul miasma when damaged in melee.
You regenerate a little health from kills.
You have a small tail.
Your magical capacity is low. (-10% MP)
Your muscles are strong. (Str +4, Int/Dex -1)


   Skills:
 + Level 6.7 Fighting
 + Level 7.6 Dodging
 - Level 10.0 Unarmed Combat
 - Level 7.0 Invocations
 * Level 10.8 Shapeshifting


You had 11 spell levels left.
You didn't know any spells.
Your spell library contained the following spells:

 Spells                   Type           Power      Damage    Failure   Level
 Freeze                   Ice            0%         1d3       95%         1
 Necrotise                Necr           0%         1d4       95%         1
 Lesser Beckoning         Tloc           0%         N/A       99%         2
 Searing Ray              Conj           0%         2d4       99%         2
 Confusing Touch          Hex            0%         N/A       100%        3
 Frozen Ramparts          Ice            0%         1d1       100%        3
 Gell's Gravitas          Tloc           0%         N/A       100%        3
 Hailstorm                Conj/Ice       0%         3d3       100%        3
 Ignite Poison            Fire/Tmut/Pois 0%         N/A       100%        3
 Inner Flame              Hex/Fire       0%         N/A       100%        3
 Mephitic Cloud           Conj/Pois/Air  0%         N/A       100%        3
 Teleport Other           Tloc           0%         N/A       100%        3
 Vampiric Draining        Necr           0%         2d6       100%        3
 Flame Wave               Conj/Fire      0%         2d4       100%        4
 Sticky Flame             Conj/Fire      0%         2d3       100%        4
 Agony                    Necr           0%         N/A       100%        5
 Alistair's Intoxication  Tmut/Pois      0%         N/A       100%        5
 Fireball                 Conj/Fire      0%         3d3       100%        5
 Ignition                 Fire           0%         3d3       100%        8
 Summon Mana Viper        Hex/Summ       Unusable   N/A       N/A         5

Inventory:

Missiles
 a - a throwing net
Armour
 h - a +1 plate armour
   (You found it on level 5 of the Dungeon)
 u - the -1 pair of gloves of the Harp (melded) {Int+6 Dex+2}
   (You bought it in a shop on level 6 of the Dungeon)

   Int:       It affects your intelligence (+6).
   Dex:       It affects your dexterity (+2).
 C - a +0 troll leather armour
   (You found it on level 9 of the Dungeon)
 J - a +3 chain mail of poison resistance (worn)
   (You found it in a bailey)
Jewellery
 f - a ring of see invisible (left hand)
   (You found it on level 2 of the Dungeon)
 l - a ring of poison resistance (right hand)
   (You found it on level 4 of the Dungeon)
 n - a ring of magical power
   (You found it on level 3 of the Dungeon)
 D - a ring of ice
   (You took it off an orc on level 8 of the Dungeon)
 H - a +6 ring of dexterity
   (You found it on level 10 of the Dungeon)
Talismans
 c - a beast talisman (active)
 r - a serpent talisman
   (You found it on level 5 of the Dungeon)
 s - a blade talisman
   (You found it on level 5 of the Dungeon)
Wands
 k - a wand of iceblast (12)
   (You found it on level 6 of the Dungeon)
 y - a wand of polymorph (11)
   (You found it on level 8 of the Dungeon)
 A - a wand of quicksilver (4)
   (You found it on level 7 of the Dungeon)
 G - a wand of flame (6)
   (You found it on level 10 of the Dungeon)
 M - a wand of paralysis (5)
   (You found it on level 12 of the Dungeon)
Scrolls
 b - 3 scrolls of immolation
 e - 5 scrolls of enchant weapon
 g - a scroll of noise
 o - 2 scrolls of poison
 q - 2 scrolls of enchant armour
 x - 5 scrolls of teleportation
 F - a scroll of blinking
 I - 2 scrolls of torment {unknown}
 K - a scroll of identify
Potions
 d - 7 potions of curing
 i - 2 potions of mutation
 j - 5 potions of enlightenment
 m - 3 potions of berserk rage
 p - 3 potions of degeneration {unknown}
 t - a potion of lignification
 v - a potion of brilliance {unknown}
 w - 2 potions of attraction
 z - 2 potions of cancellation
 B - a potion of invisibility {unknown}
 E - a potion of resistance {unknown}
 L - a potion of might

Dungeon Overview and Level Annotations

Branches:
Dungeon (12/15) Zot: 26091  Temple (1/1) D:7 Zot: 5919    Lair (0/5) D:8
  Sewer (visited)          Bailey (visited)
    Orc: D:9-12

Altars:
Ashenzari
Cheibriados
Dithmenos
Fedhas
Gozag
Hepliaklqana
Kikubaaqudgha
Makhleb
Nemelex Xobeh
Okawaru
Qazlal
Ru
Sif Muna
Trog
Uskayaw
Vehumet
Wu Jian
Xom
Yredelemnul

Shops:
D:1 :   D:6 [   D:10 *

Annotations:
D:12 Frances

#..## .# ##..##
#######.# ##H.#
#........# ##.###
#........# ## #...##
#........# #.# ###..#
#............
##.###.....#..#.#
#..3#.....#.... #
###@h3....##.#####.#
######..............#
#..........##....###
#.###.########...#####
###...#######).....#
#...#.##........##.#
#.#<..##........##..
...#.####......#...#.
##. #.# #......###.#.


You could see Frances (fast), a soul eater (summoned), a sun demon (summoned)
and a manticore (wandering).


Message History

A slime creature is nearby!
The centaur shouts!
The slime creature quivers.
The slime creature attacks as you move away!
The slime creature barely misses you.
You hit the slime creature. You headbutt the slime creature!
You tail-slap the slime creature!
The slime creature hits you but does no damage.
You hit the slime creature. You kick the slime creature.
Your headbutt misses the slime creature.
The slime creature barely misses you.
You pummel the slime creature!! You kick the slime creature.
You kill the slime creature!
Okawaru accepts your kill.
You hit the centaur but do no damage. Your kick misses the centaur.
The centaur hits you but does no damage.
The centaur closely misses you. The centaur barely misses you.
The centaur closely misses you.
You punch the centaur! You kick the centaur, but do no damage.
The centaur hits you.
The centaur kicks you but does no damage. 😕 HP[-4]
You take 4 damage, and now have 85/89 hp.
You punch the centaur!
You kill the centaur!
Okawaru accepts your kill. 😕 HP[+2]
You regained 2 hp, and now have 87/89 hp.
You hit the slime creature. The slime creature hits you!
Two slime creatures merge to form a large slime creature. 😕 HP[-10]
You take 10 damage, and now have 77/89 hp.
You punch the large slime creature! You kick the large slime creature!
You tail-slap the large slime creature. 😕 HP[+2]
You regained 2 hp, and now have 79/89 hp.
You punch the large slime creature! You kick the large slime creature.
You headbutt the large slime creature!
Unknown command. 😕 HP[+2]
You regained 2 hp, and now have 81/89 hp.
You punch the large slime creature! You kick the large slime creature!
You headbutt the large slime creature. You tail-slap the large slime creature.
Two slime creatures merge to form a very large slime creature. 😕 HP[+1]
You punch the very large slime creature!
You tail-slap the very large slime creature! 😕 HP[+1]
You pummel the very large slime creature!!
Your kick misses the very large slime creature.
The very large slime creature closely misses you. 😕 HP[+1] Unknown command.
You punch the very large slime creature!
You kick the very large slime creature!
You headbutt the very large slime creature!
The very large slime creature hits you but does no damage. 😕 HP[+1]
You pummel the very large slime creature!!
You kill the very large slime creature!
Okawaru accepts your kill. 😕 HP[+1]
Things that are here:
a +0 shortbow; a +0 robe; 😕 HP[+1]
M - a wand of paralysis (5) 😎 HP[+2]
Your hp is fully restored (89).
Found an escape hatch in the ceiling.
Frances is nearby!
Frances is nearby!
Frances is nearby!
Unknown command.
Frances shouts!
Frances whispers indecipherable words.
Frances screams a word of power!
Frances seems to speed up.
You start waiting.
Frances screams a word of power!
Unknown command.
Frances mutters in a terrible tongue.
The shard of ice hits you!
The sun demon barely misses you. 😕 HP[-16]
You take 16 damage, and now have 73/89 hp.
You punch Frances! Your kick misses Frances. You headbutt Frances!
Frances hits you with a +0 war axe!! The sun demon hits you!!
* * * LOW HITPOINT WARNING * * *
You are engulfed in flames!!
* * * LOW HITPOINT WARNING * * *
Frances mutters in a terrible tongue.
The entropic shot misses you.
The entropic shot hits the sun demon!!! 😱 HP[-60]
You take 60 damage, and now have 13/89 hp.
MASSIVE DAMAGE!! (PAUSE)
You barely miss Frances. You headbutt Frances!
You tail-slap Frances, but do no damage.
A manticore comes into view.
Frances chants phrases taken from a devil's mouth.
The entropic shot hits you!!!
Ouch! That really hurt!
You die...

Skill      XL: |  1  2  3  4  5  6  7  8  9 10 11 12 |
---------------+-------------------------------------+-----
Unarmed Combat | 3 4 5 6 8 9 10 | 10.0
Shapeshifting  | 3 4 5 6 8 9 10 | 10.8
Dodging        | 3 6 7 |  7.6
Fighting       | 3 5 6 |  6.7
Invocations    | 6 7 |  7.0

Action                     |  1- 3 |  4- 6 |  7- 9 | 10-12 || total
---------------------------+-------+-------+-------+-------++-------
  Melee: Unarmed           |    79 |   126 |   222 |   355 ||   782
         Kick              |    11 |    35 |    61 |    68 ||   175
         Punch             |     2 |     7 |    10 |    13 ||    32
         Tailslap          |       |     5 |    33 |    29 ||    67
         Headbutt          |       |       |    33 |    48 ||    81
         Constrict         |       |       |     2 |    28 ||    30
 Invoke: Heroism           |       |       |       |     4 ||     4
  Evoke: Wand              |       |       |       |     1 ||     1
    Use: Scroll            |     4 |     3 |    10 |     3 ||    20
         Potion            |     1 |     5 |     3 |       ||     9
   Stab: Sleeping          |       |     1 |       |       ||     1
 Armour: Animal skin       |    17 |    24 |     5 |       ||    46
         Skin              |     4 |       |     3 |    26 ||    33
         Plate armour      |       |       |    59 |    48 ||   107
         Steam dragon scal |       |       |     5 |       ||     5
         Chain mail        |       |       |       |    21 ||    21
  Dodge: Dodged            |    43 |   101 |    87 |   142 ||   373
   Form: Beast             |       |       |     2 |     1 ||     3
         Anaconda          |       |       |     1 |     1 ||     2
                           |       |       |     1 |       ||     1
         Blade             |       |       |       |     1 ||     1

Levels and vault maps discovered:
D:1:      minmay_arrival_floating_metal, layout_basic, serial_shops,
          nicolae_shop_back_alley_shop
D:2:      layout_loops_ring
D:3:      layout_loops_ring, zin_scriptorium,
          dreamdust_ecumenical_altar_angels_and_demons, portal_sewer_entry_b,
          minmay_misc_feat_roman
D:4:      layout_basic, kennysheep_mini_moat, lemuel_tele_altar
D:5:      layout_loops_cross, palyth_temple_overflow_mages,
          mainiacjoe_overflow_small_starburst
D:6:      layout_basic, minmay_shop_grid_forest, kennysheep_generic_room_5
D:7:      layout_cave_pools, minmay_temple_entry_mini_moons, grunt_ministairs_7,
          dreamdust_mushroom_princess
D:8:      layout_loops_ring, erik_lair_orcish_takeover, hangedman_misty_isle
D:9:      layout_roguey, yredelemnul_altar_generic, enter_bailey_3,
          kennysheep_generic_room_16, uniq_grum
D:10:     nicolae_cairo_tiling_very_big, layout_rooms, serial_glass,
          glass_columns_c, glass_columns_a, glass_columns_a, glass_columns_c,
          glass_columns_a, glass_columns_b, glass_columns_b, glass_columns_a,
          minmay_misc_feat_doors, monkooky_shop_alliterative
D:11:     layout_loops_cross, serial_glass, glass_columns_a, glass_columns_c,
          st_stairs_12
D:12:     minmay_goldmine, layout_basic, orc_0_dummy, st_stairs_10, uniq_frances
Temple:   nicolae_temple_bog_church

Notes
Turn   | Place    | Note
-------+----------+-------------------------------------------
     0 | D:1      | ytrimaz the Demonspawn Shapeshifter began the quest for the
                  | Orb.
     0 | D:1      | Reached XP level 1. HP: 15/15 MP: 1/1
     0 | D:1      | magus.rc [v1.9.6]
   148 | D:1      | Reached skill level 3 in Unarmed Combat
   240 | D:1      | You feel monstrous as your demonic heritage exerts itself.
   240 | D:1      | Discovered your monstrous ancestry.
   240 | D:1      | Gained mutation: You have large cloven feet. [demonic
                  | ancestry]
   240 | D:1      | Reached XP level 2. HP: 21/21 MP: 2/2
   307 | D:1      | You pick up a book of Frost and begin reading...
   307 | D:1      | You add the spells Freeze, Frozen Ramparts and Hailstorm to
                  | your library.
   573 | D:1      | Found Suckikhlaemn's Book Shop.
   858 | D:2      | Reached skill level 3 in Shapeshifting
   877 | D:2      | Reached XP level 3. HP: 26/26 MP: 3/3
  1501 | D:2      | Gained mutation: You may rarely emit foul miasma when
                  | damaged in melee. [demonic ancestry]
  1501 | D:2      | Reached XP level 4. HP: 32/32 MP: 4/4
  1519 | D:2      | Reached skill level 4 in Unarmed Combat
  1544 | D:2      | You pick up a book of Displacement and begin reading...
  1544 | D:2      | You add the spells Lesser Beckoning, Gell's Gravitas and
                  | Teleport Other to your library.
  2211 | D:3      | Found a glowing drain.
  2234 | Sewer    | Entered a sewer
  2352 | Sewer    | Noticed a kobold brigand
  2362 | Sewer    | HP: 8/32 [jackal (2)]
  2363 | Sewer    | Gained mutation: Your muscles are strong. (Str +4, Int/Dex
                  | -1) [potion of mutation]
  2363 | Sewer    | Gained mutation: Your magical capacity is low. (-10% MP)
                  | [potion of mutation]
  2365 | Sewer    | Killed a kobold brigand
  2366 | Sewer    | Gained mutation: You regenerate a little health from kills.
                  | [demonic ancestry]
  2366 | Sewer    | Reached XP level 5. HP: 6/37 MP: 4/4
  2367 | Sewer    | HP: 2/37 [kobold/+0 short sword (2)]
  2570 | D:3      | Found a faded altar of an unknown god.
  2700 | D:3      | Reached skill level 4 in Shapeshifting
  2966 | D:4      | Noticed an ogre
  2973 | D:4      | Killed an ogre
  2974 | D:4      | Reached skill level 5 in Unarmed Combat
  2974 | D:4      | Gained mutation: You have a small tail. [demonic ancestry]
  2974 | D:4      | Reached XP level 6. HP: 43/43 MP: 5/5
  3129 | D:4      | Found a blossoming altar of Fedhas.
  3346 | D:4      | Reached XP level 7. HP: 27/48 MP: 6/6
  3815 | D:5      | Entered Level 5 of the Dungeon
  3891 | D:5      | Reached skill level 5 in Shapeshifting
  3958 | D:5      | Reached skill level 6 in Unarmed Combat
  3972 | D:5      | You pick up a book of Necromancy and begin reading...
  3972 | D:5      | You add the spells Necrotise, Vampiric Draining and Agony
                  | to your library.
  4207 | D:5      | HP: 12/48 [orc/+0 dagger (2)]
  4210 | D:5      | HP: 1/48 [orc wizard/puff of flame (11)]
  4511 | D:5      | Gained mutation: You have a pair of small horns on your
                  | head. [demonic ancestry]
  4511 | D:5      | Reached XP level 8. HP: 54/54 MP: 7/7
  4523 | D:5      | Found an ancient bone altar of Kikubaaqudgha.
  4523 | D:5      | Found a shimmering blue altar of Sif Muna.
  4750 | D:5      | Found a radiant altar of Vehumet.
  4803 | D:5      | Reached skill level 7 in Unarmed Combat
  4834 | D:5      | Found an ornate altar of the Wu Jian Council.
  4849 | D:5      | Reached skill level 6 in Shapeshifting
  5022 | D:6      | Found Suirph's Antique Armour Shoppe.
  5036 | D:6      | Bought a pair of ichor-stained gloves for 209 gold pieces
  5036 | D:6      | Identified the -1 pair of gloves of the Harp {Int+6 Dex+2}
                  | (You bought it in a shop on level 6 of the Dungeon)
  5625 | D:7      | Reached skill level 8 in Unarmed Combat
  5717 | D:7      | Gained mutation: You sometimes emit foul miasma when
                  | damaged in melee. [demonic ancestry]
  5717 | D:7      | Reached XP level 9. HP: 59/59 MP: 8/8
  5795 | D:7      | Reached skill level 7 in Shapeshifting
  6120 | D:7      | Found a staircase to the Ecumenical Temple.
  6350 | Temple   | Entered the Ecumenical Temple
  6413 | Temple   | Became a worshipper of Warmaster Okawaru
  6588 | D:8      | Found a staircase to the Lair.
  6779 | D:8      | Reached skill level 9 in Unarmed Combat
  6797 | D:8      | Reached * piety under Okawaru
  6829 | D:8      | Reached skill level 8 in Shapeshifting
  6890 | D:8      | HP: 13/59 [centaur/arrow (10)]
  6892 | D:8      | HP: 5/59 [sky beast (6)]
  6898 | D:8      | HP: 9/59 [centaur/arrow (9)]
  7256 | D:8      | Gained mutation: You frequently emit foul miasma when
                  | damaged in melee. [demonic ancestry]
  7256 | D:8      | Reached XP level 10. HP: 65/65 MP: 9/9
  7329 | D:8      | Reached ** piety under Okawaru
  7330 | D:8      | Reached skill level 2 in Dodging
  7620 | D:8      | Reached skill level 10 in Unarmed Combat
  7874 | D:9      | Reached skill level 2 in Fighting
  7970 | D:9      | Noticed Grum
  7976 | D:9      | Killed Grum
  7981 | D:9      | Reached skill level 3 in Dodging
  7982 | D:9      | Found a basalt altar of Yredelemnul.
  7995 | D:9      | Found a flagged portal.
  8126 | Bailey   | Entered a bailey
  8156 | Bailey   | Reached skill level 3 in Fighting
  8159 | Bailey   | Noticed an orc knight
  8171 | Bailey   | HP: 9/70 [orc knight/+0 war axe (12)]
  8175 | Bailey   | Killed an orc knight
  8175 | Bailey   | Reached *** piety under Okawaru
  8409 | Bailey   | Reached skill level 1 in Invocations
  8455 | Bailey   | Reached skill level 2 in Invocations
  8580 | Bailey   | Noticed an orc knight
  8590 | Bailey   | Killed an orc knight
  8591 | Bailey   | Reached skill level 3 in Invocations
  8591 | Bailey   | Reached skill level 9 in Shapeshifting
  8683 | Bailey   | Noticed an orc knight
  8689 | Bailey   | Killed an orc knight
  8690 | Bailey   | Reached skill level 4 in Invocations
  8771 | Bailey   | Reached skill level 5 in Invocations
  8945 | Bailey   | Found an iron altar of Okawaru.
  8945 | Bailey   | Noticed an orc high priest
  8957 | Bailey   | Killed an orc high priest
  8958 | Bailey   | Reached skill level 6 in Invocations
  8958 | Bailey   | Gained mutation: You have a pair of horns on your head.
                  | [demonic ancestry]
  8958 | Bailey   | Reached XP level 11. HP: 63/75 MP: 11/14
  9004 | Bailey   | Found the +5 Force Lance {heavy, knockback}
  9011 | Bailey   | Identified the +6 scimitar "Sinur" {heavy, Str+9}
  9206 | D:9      | Acquired 1074 gold pieces
  9328 | D:9      | HP: 14/75 [yak (6)]
  9337 | D:9      | Reached **** piety under Okawaru
  9338 | D:9      | Reached skill level 7 in Invocations
  9643 | D:9      | You add the spells Ignite Poison, Sticky Flame and Ignition
                  | to your library.
  9775 | D:9      | Noticed a two-headed ogre
  9780 | D:9      | Killed a two-headed ogre
  9781 | D:9      | Reached skill level 4 in Fighting
  9781 | D:9      | Reached skill level 4 in Dodging
 10105 | D:10     | Entered Level 10 of the Dungeon
 10327 | D:10     | Reached skill level 10 in Shapeshifting
 10740 | D:10     | Found Azxog's Alliterative Armaments.
 10808 | D:10     | You add the spells Searing Ray, Confusing Touch and
                  | Fireball to your library.
 10808 | D:10     | Got the Codex of Charmed Striking
 10946 | D:11     | Noticed a two-headed ogre
 10956 | D:11     | Killed a two-headed ogre
 10956 | D:11     | Reached ***** piety under Okawaru
 10957 | D:11     | Reached skill level 5 in Dodging
 11075 | D:11     | Reached skill level 5 in Fighting
 11234 | D:11     | Noticed a two-headed ogre
 11240 | D:11     | Killed a two-headed ogre
 11241 | D:11     | Reached skill level 6 in Dodging
 11359 | D:11     | You add the spells Mephitic Cloud and Alistair's
                  | Intoxication to your library.
 11359 | D:11     | Got the Parchment of the Unseen Realm
 11545 | D:11     | Noticed a boulder beetle
 11558 | D:11     | Killed a boulder beetle
 11564 | D:11     | HP: 17/96 [hornet (8)]
 11569 | D:11     | HP: 15/97 [poisoned by a hornet]
 11849 | D:11     | Noticed a boulder beetle
 11879 | D:11     | Reached XP level 12. HP: 41/87 MP: 13/15
 11889 | D:11     | Killed a boulder beetle
 11890 | D:11     | Reached skill level 6 in Fighting
 11890 | D:11     | Reached skill level 7 in Dodging
 12695 | D:12     | Noticed Frances
 12859 | D:12     | Reached ****** piety under Okawaru
 13001 | D:12     | You pick up a book of Flames and begin reading...
 13001 | D:12     | You add the spells Inner Flame and Flame Wave to your
                  | library.
 13028 | D:12     | Identified the +1 robe "Mygemn" {Rampage Dex-5 SInv Stlth+}
                  | (Okawaru gifted it to you on level 12 of the Dungeon)
 13028 | D:12     | Received a gift from Okawaru
 13052 | D:12     | HP: 18/89 [orc priest/divine providence (11)]
 13448 | D:12     | HP: 13/89 [sun demon[Frances] (18)]
 13449 | D:12     | Killed from afar by Frances

Vanquished Creatures
  2 boulder beetles (D:11)
  3 two-headed ogres
  An orc high priest (Bailey)
  3 orc knights (Bailey)
  A cyclops (D:11)
  2 kobold demonologists
  A komodo dragon (D:12)
  2 trolls
  A hornet (D:11)
  7 slime creatures
  A vampire (D:11)
  2 wyverns
  2 wraiths (D:11)
  15 yaks
  Grum (D:9)
  4 steam dragons (D:8)
  9 vampire mosquitoes
  3 wargs (D:8)
  3 acid dragons
  2 water moccasins
  3 ice beasts
  A black bear (D:8)
  7 sky beasts
  8 orc warriors (Bailey)
  3 wolves (D:9)
  5 ogres
  3 centaurs
  2 kobold brigands
  3 phantoms
  2 gnoll sergeants
  2 scorpions
  5 bullfrogs
  3 wights
  5 killer bees (D:9)
  An electric eel (Bailey)
  3 howler monkeys
  2 hounds
  4 jellies
  8 orc priests
  A gnoll bouda (D:7)
  2 sleepcaps
  15 orc wizards
  19 gnolls
  12 adders
  A river rat (Sewer)
  A shadow imp (D:6)
  A white imp (D:5)
  2 dart slugs (D:1)
  44 orcs
  6 bats
  10 endoplasms
  7 giant cockroaches
  15 goblins
  14 hobgoblins
  6 jackals
  16 kobolds
  3 quokkas
  10 ball pythons
  2 frilled lizards
  6 rats
328 creatures vanquished.

Table legend:
 A = Non-vault XP
 B = Vault XP
 C = Vault XP percentage of total XP
 D = Non-vault monster count
 E = Vault monster count
 F = Vault count percentage of total count
                 A         B        C        D         E       F
            +---------+---------+-------+---------+---------+-------
      Total |   19342 |    7690 |  28.4 |     229 |      99 |  30.2
            +---------+---------+-------+---------+---------+-------
        D:1 |      35 |       0 |   0.0 |      17 |       0 |   0.0
        D:2 |      82 |       0 |   0.0 |      21 |       0 |   0.0
        D:3 |      88 |       9 |   9.3 |      21 |       6 |  22.2
        D:4 |     427 |       0 |   0.0 |      21 |       0 |   0.0
        D:5 |     945 |     107 |  10.2 |      27 |       3 |  10.0
        D:6 |     292 |      68 |  18.9 |      11 |       3 |  21.4
        D:7 |    1243 |     219 |  15.0 |      21 |       2 |   8.7
        D:8 |    1265 |    1406 |  52.6 |      19 |      15 |  44.1
        D:9 |    3156 |     555 |  15.0 |      27 |       8 |  22.9
       D:10 |    2068 |       0 |   0.0 |      12 |       0 |   0.0
       D:11 |    7375 |     832 |  10.1 |      25 |       1 |   3.8
       D:12 |    2366 |     283 |  10.7 |       7 |      12 |  63.2
      Sewer |       0 |     126 | 100.0 |       0 |      10 | 100.0
     Bailey |       0 |    4085 | 100.0 |       0 |      39 | 100.0
            +---------+---------+-------+---------+---------+-------

Skill      XL: |  1  2  3  4  5  6  7  8  9 10 11 12 |
---------------+-------------------------------------+-----
Unarmed Combat | 3 4 5 6 8 9 10 | 10.0
Shapeshifting  | 3 4 5 6 8 9 10 | 10.8
Dodging        | 3 6 7 |  7.6
Fighting       | 3 5 6 |  6.7
Invocations    | 6 7 |  7.0

Action                     |  1- 3 |  4- 6 |  7- 9 | 10-12 || total
---------------------------+-------+-------+-------+-------++-------
  Melee: Unarmed           |    79 |   126 |   222 |   355 ||   782
         Kick              |    11 |    35 |    61 |    68 ||   175
         Punch             |     2 |     7 |    10 |    13 ||    32
         Tailslap          |       |     5 |    33 |    29 ||    67
         Headbutt          |       |       |    33 |    48 ||    81
         Constrict         |       |       |     2 |    28 ||    30
 Invoke: Heroism           |       |       |       |     4 ||     4
  Evoke: Wand              |       |       |       |     1 ||     1
    Use: Scroll            |     4 |     3 |    10 |     3 ||    20
         Potion            |     1 |     5 |     3 |       ||     9
   Stab: Sleeping          |       |     1 |       |       ||     1
 Armour: Animal skin       |    17 |    24 |     5 |       ||    46
         Skin              |     4 |       |     3 |    26 ||    33
         Plate armour      |       |       |    59 |    48 ||   107
         Steam dragon scal |       |       |     5 |       ||     5
         Chain mail        |       |       |       |    21 ||    21
  Dodge: Dodged            |    43 |   101 |    87 |   142 ||   373
   Form: Beast             |       |       |     2 |     1 ||     3
         Anaconda          |       |       |     1 |     1 ||     2
                           |       |       |     1 |       ||     1
         Blade             |       |       |       |     1 ||     1

Illustrated notes

Table legend:
 A = Kills in this place as a percentage of kills in the entire game.
 B = Kills by you in this place as a percentage of kills by you in the entire game.
 C = Kills by friends in this place as a percentage of kills by friends in the entire game.
 D = Other kills in this place as a percentage of other kills in the entire game.
 E = Experience gained in this place as a percentage of experience gained in the entire game.
 F = Experience gained in this place divided by the number of levels of this place that you have seen.
                   A       B       C       D       E      F
               +-------+-------+-------+-------+-------+----------------------
         Total | 100.0 | 100.0 |   N/A |   N/A | 100.0 | 1802.1
       Dungeon |  85.1 |  85.1 |   N/A |   N/A |  84.4 | 1901.8
         Sewer |   3.0 |   3.0 |   N/A |   N/A |   0.5 | 126.0
        Bailey |  11.9 |  11.9 |   N/A |   N/A |  15.1 | 4085.0
               +-------+-------+-------+-------+-------+----------------------

Table legend: (Time is in decaauts)
 A = Elapsed time spent in this place.
 B = Non-inter-level travel time spent in this place.
 C = Inter-level travel time spent in this place.
 D = Time resting spent in this place.
 E = Time spent auto-exploring this place.
 F = Levels seen in this place.
 G = Mean time per level.
                   A        B        C        D        E       F      G
               +--------+--------+--------+--------+--------+-----+--------+
         Total |  13379 |  12860 |    519 |   1010 |   9280 |  15 |  891.9 |
       Dungeon |  12043 |  11543 |    500 |    661 |   8683 |  12 | 1003.6 |
        Temple |     80 |     61 |     19 |     44 |      0 |   1 |   80.0 |
         Sewer |    338 |    338 |      0 |      0 |    232 |   1 |  338.0 |
        Bailey |    916 |    916 |      0 |    305 |    364 |   1 |  916.0 |
               +--------+--------+--------+--------+--------+-----+--------+

Top non-repeatable levels by time:
    D:11: 1865 daAuts
     D:9: 1324 daAuts
     D:7: 1208 daAuts
     D:5: 1070 daAuts
     D:8: 951 daAuts
     D:3: 950 daAuts
     D:4: 930 daAuts
  Bailey: 916 daAuts
     D:1: 863 daAuts
     D:2: 819 daAuts
    D:10: 815 daAuts
    D:12: 628 daAuts
     D:6: 616 daAuts
   Sewer: 338 daAuts
  Temple: 80 daAuts
